 Dungeon Crawl Stone Soup version 0.21.1-1-g345015f (webtiles) character file.

1005 grindst0ne the Fighter (level 8, -2/68 HPs)
             Began as a Formicid Hunter on Mar 3, 2018.
             Was a Follower of Okawaru.
             Slain by a hound (4 damage)
             ... on level 9 of the Dungeon.
             The game lasted 00:15:48 (8118 turns).

grindst0ne the Fighter (Formicid Hunter)            Turns: 8118, Time: 00:15:49

Health: -2/68      AC: 11    Str: 20      XL:     8   Next: 44%
Magic:  8/8        EV:  7    Int: 10      God:    Okawaru [*.....]
Gold:   370        SH:  3    Dex:  6 (11) Spells: 7/7 levels left

rFire    . . .     SeeInvis +   j - +0 war axe
rCold    . . .     Gourm    .   b - +0 buckler
rNeg     . . .     Faith    .   v - +0 chain mail
rPois    .         Spirit   .   (helmet unavailable)
rElec    .         Reflect  .   (no cloak)
rCorr    .         Harm     .   q - +0 pair of gloves
MR       .....                  g - +0 pair of boots
Stlth    ..........             (no amulet)
HPRegen  0.21/turn              (no ring)
MPRegen  0.11/turn              (no ring)

@: lethally poisoned (-2 -> -4), very slightly contaminated
A: permanent stasis, dig shafts and tunnels, four strong arms, antennae 3
a: Dig, Shaft Self, Heroism, Renounce Religion


You were on level 9 of the Dungeon.
You worshipped Okawaru.
Okawaru was aware of your devotion.
You were very hungry.

You visited 2 branches of the dungeon, and saw 8 of its levels.

You collected 370 gold pieces.

Inventory:

Hand Weapons
 a - a +0 short sword
 j - a +0 war axe (weapon)
Missiles
 d - a throwing net
 i - a javelin (quivered)
 p - 4 poisoned javelins
Armour
 b - a +0 buckler (worn)
 g - a +0 pair of boots (worn)
 q - a +0 pair of gloves (worn)
 v - a +0 chain mail (worn)
Jewellery
 t - an uncursed ring of ice
Scrolls
 e - 11 scrolls of remove curse
 k - 2 scrolls of enchant armour
 l - 7 scrolls of teleportation {unknown}
 n - 2 scrolls of magic mapping
 o - 2 scrolls of amnesia {unknown}
 u - a scroll of blinking
 x - a scroll of immolation
Potions
 h - 2 potions of berserk rage
 m - a potion of magic
 r - 2 potions of haste
 s - 2 potions of brilliance
 w - a potion of flight
Comestibles
 c - a chunk of flesh
 f - 13 rations


   Skills:
 + Level 8.2 Fighting
 + Level 3.4 Short Blades
 - Level 4.0 Throwing
 + Level 3.7 Armour
 - Level 1.7 Dodging
 - Level 1.2 Stealth
 + Level 2.1 Shields


You had 7 spell levels left.
You didn't know any spells.

Dungeon Overview and Level Annotations

Branches:
Dungeon (6/15)             Temple (1/1) D:4

Altars:
Ashenzari
Cheibriados
Elyvilon
Fedhas
Gozag
Hepliaklqana
Kikubaaqudgha
Nemelex Xobeh
Okawaru
Qazlal
Ru
Sif Muna
Trog
Uskayaw
Wu Jian
Yredelemnul

Shops:
D:3 *

Annotations:
D:2 exclusion: downstairs
D:3 3 exclusions, Sigmund; grindst0ne's ghost, amateur FoHu


Innate Abilities, Weirdness & Mutations

You cannot be hasted, slowed, berserked, paralysed or teleported.
You can dig through walls and to a lower floor.
Your four strong arms can wield two-handed weapons with a shield.
You have a pair of large antennae on your head. (SInv)


Message History

You slash the hound!
The hound is almost dead.
You closely miss the adder. The hound barely misses you.
The adder barely misses you. The hound bites you but does no damage.
The adder bites you but does no damage.
You miss the hound.
The hound is almost dead.
You closely miss the adder. You block the hound's attack.
The adder barely misses you. The hound bites you.
* * * LOW HITPOINT WARNING * * *
The adder bites you but does no damage. The hound misses you.
You hit the hound but do no damage.
The hound is almost dead.
You miss the adder. The adder bites you.
* * * LOW HITPOINT WARNING * * *
You are poisoned.
The adder poisons you! The hound bites you.
* * * LOW HITPOINT WARNING * * *
You block the adder's attack. The hound bites you.
You die...

...?......(...
.............
#............
#............
#............
#(...........
#....hS......
#....@.......
#............
#..#####.....
#. .... # ...
.. .


You could see a hound and an adder.

Vanquished Creatures
  A sky beast (D:5)
  A phantom (D:5)
  A centaur (D:6)
  3 bullfrogs
  The ghost of letownia2 the Conjurer, a weakling TeAE (D:4)
  A quasit (D:6)
  2 orc priests (D:5)
  A centaur skeleton (D:5)
  An iguana (D:5)
  2 worker ants
  Ijyb (D:4)
  2 orc wizards (D:5)
  6 gnolls
  7 adders
  A shadow imp (D:6)
  2 oozes
  4 worms
  2 dart slugs
  4 leopard geckos
  8 orcs
  A ball python (D:2)
  4 giant cockroaches
  12 goblins
  4 hobgoblins
  14 jackals
  4 quokkas
  10 bats
  2 frilled lizards
  4 kobolds
  A leopard gecko skeleton (D:5)
  A leopard gecko zombie (D:5)
  A quokka skeleton (D:6)
  9 rats
118 creatures vanquished.

Vanquished Creatures (others)
  A phantom (D:4)
1 creature vanquished.

Grand Total: 119 creatures vanquished

Notes
Turn   | Place    | Note
-------+----------+-------------------------------------------
     0 | D:1      | grindst0ne the Formicid Hunter began the quest for the Orb.
     0 | D:1      | Reached XP level 1. HP: 16/16 MP: 1/1
   361 | D:1      | Reached XP level 2. HP: 19/23 MP: 2/2
   400 | D:1      | Reached skill level 3 in Fighting
  1057 | D:2      | Reached XP level 3. HP: 28/29 MP: 3/3
  1298 | D:2      | Reached skill level 4 in Fighting
  1484 | D:2      | Found a shattered altar of Ashenzari.
  1626 | D:2      | Reached XP level 4. HP: 16/38 MP: 4/4
  2291 | D:2      | Found a blossoming altar of Fedhas.
  2383 | D:3      | Reached skill level 5 in Fighting
  2397 | D:3      | Found Gozag's Platinum Reserve.
  2419 | D:3      | Found an opulent altar of Gozag.
  2569 | D:3      | Found a stormy altar of Qazlal.
  2590 | D:3      | Noticed Sigmund
  2740 | D:3      | Reached XP level 5. HP: 38/44 MP: 5/5
  2815 | D:3      | Noticed grindst0ne's ghost (amateur FoHu)
  3793 | D:4      | Noticed letownia2's ghost (weakling TeAE)
  4001 | D:4      | Killed letownia2's ghost
  4001 | D:4      | Reached skill level 6 in Fighting
  4148 | D:4      | Noticed a phantom
  4182 | D:4      | Reached XP level 6. HP: 53/53 MP: 6/6
  4218 | D:4      | Found a staircase to the Ecumenical Temple.
  4227 | Temple   | Entered the Ecumenical Temple
  4355 | Temple   | Became a worshipper of Warmaster Okawaru
  4677 | D:4      | Killed a phantom
  5019 | D:4      | Noticed Ijyb
  5070 | D:4      | Killed Ijyb
  5432 | D:5      | Entered Level 5 of the Dungeon
  5498 | D:5      | Found a snail-covered altar of Cheibriados.
  5637 | D:5      | Reached skill level 7 in Fighting
  6034 | D:5      | Noticed a phantom
  6077 | D:5      | Killed a phantom
  6077 | D:5      | Reached skill level 1 in Short Blades
  6077 | D:5      | Reached skill level 1 in Armour
  6077 | D:5      | Reached XP level 7. HP: 14/60 MP: 7/7
  6265 | D:5      | Reached * piety under Okawaru
  6583 | D:5      | Found a basalt altar of Yredelemnul.
  6921 | D:5      | Found a sparkling altar of Nemelex Xobeh.
  7328 | D:6      | Reached XP level 8. HP: 39/68 MP: 8/8
  7503 | D:6      | Reached skill level 8 in Fighting
  7511 | D:6      | Reached skill level 1 in Shields
  8108 | D:6      | You fall through a shaft for 3 floors!
  8118 | D:9      | HP: 3/68 [adder (3)]
  8118 | D:9      | Slain by a hound

Skill      XL: |  1  2  3  4  5  6  7  8 |
---------------+-------------------------+-----
Fighting       | 3 4 5 6 7 8 |  8.2
Short Blades   | 1 2 3 |  3.4
Armour         | 1 3 |  3.7
Shields        | 2 |  2.1
Throwing       | |  4.0
Dodging        | |  1.7
Stealth        | |  1.2

Action                   |  1- 3 |  4- 6 |  7- 9 || total
-------------------------+-------+-------+-------++-------
Melee: Short sword       |    88 |   278 |       ||   366
       War axe           |       |    35 |   236 ||   271
Throw: Javelin           |    25 |    32 |     1 ||    58
       Throwing net      |     4 |     5 |       ||     9
 Abil: Dig               |     3 |    27 |    12 ||    42
       Shaft Self        |       |       |     1 ||     1
Evoke: Wand              |       |     3 |     5 ||     8
  Use: Scroll            |     3 |     6 |     2 ||    11
       Potion            |       |     6 |     2 ||     8
 Stab: Sleeping          |       |     1 |       ||     1
       Paralysed         |       |     3 |     7 ||    10
  Eat: Chunk             |     2 |    15 |     5 ||    22
       Ration            |       |     1 |     1 ||     2
Armor: Leather armour    |    41 |    92 |       ||   133
       Scale mail        |       |    22 |       ||    22
       Chain mail        |       |    18 |   270 ||   288
Dodge: Dodged            |    82 |   207 |   154 ||   443
Block: Buckler           |       |       |    14 ||    14
